 Dungeon Crawl Stone Soup version 0.30-a0-940-ge5077277c9 (webtiles) character file.

Game seed: 16616061413880137888

8 Morbidden the Sneak (level 2, 22/22 HPs)
             Began as a Demonspawn Brigand on Mar 26, 2023.
             Quit the game on level 2 of the Dungeon.
             The game lasted 00:00:25 (183 turns).

Morbidden the Sneak (Demonspawn Brigand)             Turns: 183, Time: 00:00:26

Health: 22/22      AC:  3    Str: 11    XL:     2   Next: 0%
Magic:  2/2        EV: 12    Int: 12    God:
Gold:   18         SH:  0    Dex: 14    Spells: 1/1 levels left

rFire   . . .      SeeInvis .    a - +2 dagger
rCold   + . .      Faith    .    (no shield)
rNeg    . . .      Spirit   .    f - +0 robe
rPois   .          Reflect  .    (no helmet)
rElec   .          Rampage  .    c - +0 cloak
rCorr   .                        (no gloves)
Will    .....                    (no boots)
Stlth   ++                       (no amulet)
HPRegen 0.23/turn                g - ring of protection from cold
MPRegen 0.08/turn                (no ring)

@: no status effects
A: demonic guardian 1
a: no special abilities


You were on level 2 of the Dungeon.
You visited 1 branch of the dungeon, and saw 2 of its levels.

You collected 18 gold pieces.

Inventory:

Hand Weapons
 a - a +2 dagger (weapon)
 b - a +0 long sword
Missiles
 d - 9 poisoned darts (quivered)
 e - 3 curare-tipped darts
Armour
 c - a +0 cloak (worn)
 f - a +0 robe (worn)
Jewellery
 g - a ring of protection from cold (left hand)
Scrolls
 h - a scroll of enchant armour {unknown}
 i - a scroll of poison {unknown}


   Skills:
 * Level 2.1 Fighting
 * Level 1.8 Short Blades
 * Level 0.3(1.2) Long Blades
 + Level 1.8 Throwing
 * Level 0.2 Armour
 * Level 1.1 Dodging
 + Level 3.7 Stealth
 * Level 0.1 Spellcasting


You had one spell level left.
You didn't know any spells.
Your spell library was empty.

Dungeon Overview and Level Annotations

Branches:
Dungeon (1/15)

Altars:


Innate Abilities, Weirdness & Mutations

A weak demonic guardian rushes to your aid.


Message History

No target in view!
No target in view!
No target in view!
No target in view!
No target in view!
No target in view!
No target in view!
No target in view!
You see here a +0 dagger.
You open the door.
There is an open door here.
A sourceless malevolence fills the Dungeon...
You fall into a shaft and drop 1 floor!
The shaft crumbles and collapses.
Found a scroll labelled GAOFFOWUTICS.
i - a scroll labelled GAOFFOWUTICS A goblin comes into view.
It is wielding a +0 dagger.
A goblin is nearby!
A goblin is nearby!
A goblin is nearby!
An endoplasm comes into view.
The goblin shouts!
The endoplasm quivers.
You hit the goblin.
You kill the goblin!
Things that are here:
a +0 dagger; a goblin corpse You hit the endoplasm.
The endoplasm is severely wounded.
A bat comes into view.
The endoplasm hits you.
The bat moves out of view.
You hit the endoplasm.
You kill the endoplasm!
You have reached level 2!
Your demonic ancestry asserts itself...
You feel the presence of a demonic guardian.
HP restored.
A bat is nearby!
A bat is nearby!
Are you sure you want to abandon this character and quit the game? (Confirm with "yes".)

#b# #.# #.# #.#
#.# #.# #.# #@#
#.# #)# #.# #.#
#.# #.# #.#
#.################


You could see a bat (wandering).

Vanquished Creatures
  An endoplasm (D:2)
  2 jackals (D:1)
  A kobold (D:1)
  2 ball pythons (D:1)
  A goblin (D:2)
7 creatures vanquished.

Notes
Turn   | Place    | Note
-------+----------+-------------------------------------------
     0 | D:1      | Morbidden the Demonspawn Brigand began the quest for the
                  | Orb.
     0 | D:1      | Reached XP level 1. HP: 16/16 MP: 1/1
    61 | D:1      | Reached skill level 1 in Dodging
   154 | D:1      | You fall into a shaft and drop 1 floor!
   179 | D:2      | Gained mutation: A weak demonic guardian rushes to your
                  | aid. [demonic ancestry]
   179 | D:2      | Reached XP level 2. HP: 21/22 MP: 2/2
   183 | D:2      | Quit the game

Illustrated notes

Levels and vault maps discovered:
D:1:      dpeg_arrival_short_road, layout_basic
D:2:      layout_basic

Skill      XL: |  1 |
---------------+----+-----
Dodging        | 1 |  1.1
Fighting       | |  2.1
Short Blades   | |  1.8
Long Blades    | |  0.3
Throwing       | |  1.8
Armour         | |  0.2
Stealth        | |  3.7
Spellcasting   | |  0.1

Action                     || total
---------------------------++-------
  Melee: Long sword        ||    11
         Dagger            ||     4
   Stab: Sleeping          ||     1
 Armour: Robe              ||     6
  Dodge: Dodged            ||     3

Table legend: (Time is in decaauts)
 A = Elapsed time spent in this place.
 B = Non-inter-level travel time spent in this place.
 C = Inter-level travel time spent in this place.
 D = Time resting spent in this place.
 E = Time spent auto-exploring this place.
 F = Levels seen in this place.
 G = Mean time per level.
                   A        B        C        D        E       F      G
               +--------+--------+--------+--------+--------+-----+--------+
         Total |    184 |    170 |     14 |      0 |    121 |   2 |   92.0 |
       Dungeon |    184 |    170 |     14 |      0 |    121 |   2 |   92.0 |
               +--------+--------+--------+--------+--------+-----+--------+

Top non-repeatable levels by time:
     D:1: 156 daAuts
     D:2: 28 daAuts
